 Dungeon Crawl Stone Soup version 0.32-a0-5-gbffa963729 (webtiles) character file.

Game seed: 4460624960000707386

723 Flugslaktarn the Trooper (level 7, -7/64 HPs)
             Began as a Minotaur Fighter on Jan 13, 2024.
             Mangled by a mummy (15 damage)
             ... in an ossuary.
             The game lasted 00:01:28 (2994 turns).

Flugslaktarn the Trooper (Minotaur Fighter)         Turns: 2994, Time: 00:01:29

Health: -7/64      AC:  7    Str: 23    XL:     7   Next: 43%
Magic:  6/6        EV:  9    Int:  5    God:
Gold:   192        SH:  4    Dex:  9    Spells: 6/6 levels left

rFire   + . .        a - +0 war axe
rCold   . . .        c - +0 buckler
rNeg    + . .        b - +0 scale mail
rPois   .            (helmet restricted)
rElec   .            (no cloak)
rCorr   .            (no gloves)
SInv    .            (no boots)
Will    .....        (no amulet) Stlth
                     f - ring of protection from fire
HPRegen 0.30/turn    p - ring of positive energy
MPRegen 0.10/turn

%: no passive effects
@: no status effects
A: horns 2, retaliatory headbutt
a: no special abilities


You were in an ossuary.
You visited 1 branch of the dungeon, and saw 4 of its levels.
You also visited: Ossuary.

You collected 192 gold pieces.

Inventory:

Hand Weapons
 a - a +0 war axe (weapon)
Missiles
 n - a throwing net (quivered)
Armour
 b - a +0 scale mail (worn)
 c - a +0 buckler (worn)
Jewellery
 f - a ring of protection from fire (left hand)
   (You found it on level 1 of the Dungeon)
 p - a ring of positive energy (right hand)
   (You found it on level 4 of the Dungeon)
Scrolls
 e - a scroll of blinking {unknown}
 g - a scroll of poison {unknown}
 h - a scroll of fear
 i - 2 scrolls of enchant weapon {unknown}
 j - a scroll of immolation {unknown}
 k - a scroll of fog {unknown}
 m - 3 scrolls of teleportation {unknown}
 o - a scroll of noise {unknown}
Potions
 d - 2 potions of might
 l - a potion of degeneration {unknown}
 q - a potion of curing


   Skills:
 * Level 6.8 Fighting
 * Level 6.2 Axes
 + Level 5.3 Armour
 + Level 5.3 Shields


You had 6 spell levels left.
You didn't know any spells.
Your spell library was empty.

Dungeon Overview and Level Annotations

Branches:
Dungeon (4/15)            Ossuary (1/1)
 Temple: D:4-7

Altars:
Sif Muna


Innate Abilities, Weirdness & Mutations

You have a pair of horns on your head.
You reflexively headbutt those who attack you in melee.


Message History

You destroy the scorpion zombie!
You barely miss the adder zombie. The adder zombie barely misses you.
The adder zombie bites you but does no damage.
Your Axes skill increases to level 6!
You slash the adder zombie!
You destroy the adder zombie!
You hit the adder zombie. The adder zombie barely misses you.
You furiously retaliate!
You headbutt the adder zombie. You hit the adder zombie.
The adder zombie is moderately damaged.
The adder zombie barely misses you.
You closely miss the adder zombie. Your headbutt misses the adder zombie.
The adder zombie is moderately damaged.
You barely miss the kobold zombie. The adder zombie closely misses you.
You furiously retaliate!
You headbutt the adder zombie!
The kobold zombie hits you but does no damage.
You block the adder zombie's attack.
You slash the adder zombie!
You destroy the adder zombie!
You completely miss the kobold zombie.
The kobold zombie hits you but does no damage.
You hit the kobold zombie.
The kobold zombie is moderately damaged.
The kobold zombie hits you but does no damage.
A kobold zombie is nearby!
A kobold zombie is nearby!
You slash the kobold zombie!
You destroy the kobold zombie!
No target in view!
No target in view!
No target in view!
A kobold zombie and a jackal zombie come into view.
There are monsters nearby! 2 scorpions come into view.
A mummy comes into view.
The jackal zombie bites you but does no damage.
You barely miss the kobold zombie. You headbutt the kobold zombie!
You destroy the kobold zombie!
You hit the jackal zombie.
The jackal zombie bites you but does no damage. x2
You barely miss the jackal zombie.
The jackal zombie is severely damaged.
You slash the scorpion!
The scorpion is severely wounded.
You hit the scorpion. The scorpion stings you.
You are poisoned.
The scorpion poisons you!
The scorpion stings you but does no damage.
The jackal zombie barely misses you. The scorpion stings you.
You are more poisoned.
The scorpion poisons you!
You hit the scorpion. Your headbutt misses the scorpion.
The scorpion is almost dead.
You barely miss the scorpion. You hit the jackal zombie.
You destroy the jackal zombie!
You feel extremely sick.
The scorpion stings you but does no damage.
The scorpion closely misses you.
You closely miss the scorpion. Your headbutt misses the scorpion.
The scorpion is almost dead.
You barely miss the scorpion.
You feel very sick. You block the scorpion's attack.
The scorpion stings you but does no damage. x3
You hit the scorpion.
You kill the scorpion!
You closely miss the scorpion.
You feel very sick.
The scorpion stings you but does no damage.
There are monsters nearby!
You hit the scorpion but do no damage.
The scorpion is lightly wounded.
You closely miss the mummy.
You feel very sick. The scorpion barely misses you. The scorpion stings you.
You block the mummy's attack.
There are monsters nearby!
You barely miss the scorpion.
The scorpion is lightly wounded.
You hit the mummy but do no damage.
You feel sick. The scorpion stings you.
You are more poisoned.
The scorpion poisons you!
You slash the scorpion!
The scorpion is severely wounded.
You barely miss the mummy.
You feel very sick. The scorpion stings you.
You are more poisoned.
The scorpion poisons you! The mummy hits you!
* * * LOW HITPOINT WARNING * * *
The scorpion barely misses you.
You are too injured to fight recklessly!
It was a potion of curing.
You feel better.
q - a potion of curing;
o - a scroll labelled HURHEA EMNUMA The scorpion stings you but does no damage.
The mummy hits you!
* * * LOW HITPOINT WARNING * * *
You slash the scorpion!
You kill the scorpion!
You barely miss the mummy. The mummy hits you!
You die...

##...## #...#
##...## #.....#
##...## # ### ###
#...#
###.###.###.####'##
#.............#^.^#
'.....†@......'.∩.#
#.....M.......#..^#
###.###.###.#######
# ### ###


You could see a mummy.

Vanquished Creatures
  An ice beast (D:3)
  A phantom (D:3)
  2 scorpions (Ossuary)
  A hound (D:4)
  A sleepcap (D:4)
  5 scorpion zombies (Ossuary)
  Natasha (thrice) (D:3)
  An orc wizard (D:3)
  2 mummies (Ossuary)
  4 gnolls (D:3)
  4 adders
  4 adder zombies (Ossuary)
  2 dart slugs
  A ribbon worm (D:2)
  4 orcs
  6 ball pythons
  7 bats
  7 endoplasms
  6 giant cockroaches
  6 hobgoblins
  6 jackals
  A quokka (D:1)
  8 frilled lizards
  2 gnoll zombies (Ossuary)
  5 goblins
  4 jackal zombies (Ossuary)
  10 kobolds
  2 kobold zombies (Ossuary)
  6 rats
112 creatures vanquished.

Notes
Turn   | Place    | Note
-------+----------+-------------------------------------------
     0 | D:1      | Flugslaktarn the Minotaur Fighter began the quest for the
                  | Orb.
     0 | D:1      | Reached XP level 1. HP: 19/19 MP: 0/0
    79 | D:1      | Reached XP level 2. HP: 24/27 MP: 1/1
   562 | D:1      | Reached XP level 3. HP: 30/33 MP: 2/2
  1567 | D:3      | Noticed a phantom
  1574 | D:3      | Killed a phantom
  1575 | D:3      | Reached skill level 5 in Fighting
  1575 | D:3      | Reached XP level 4. HP: 36/42 MP: 3/3
  1575 | D:3      | Reached XP level 5. HP: 41/48 MP: 4/4
  1874 | D:3      | Noticed an ice beast
  1879 | D:3      | Killed an ice beast
  1880 | D:3      | Reached skill level 5 in Axes
  1880 | D:3      | Reached XP level 6. HP: 57/57 MP: 5/5
  2202 | D:3      | Noticed Natasha
  2208 | D:3      | Killed Natasha
  2317 | D:3      | Noticed Natasha
  2321 | D:3      | Killed Natasha
  2404 | D:3      | Noticed Natasha
  2414 | D:3      | Killed Natasha
  2710 | D:4      | Reached skill level 5 in Armour
  2710 | D:4      | Reached skill level 5 in Shields
  2772 | D:4      | Found a shimmering blue altar of Sif Muna.
  2843 | D:4      | Found a sand-covered staircase.
  2854 | Ossuary  | Entered an ossuary
  2861 | Ossuary  | Reached XP level 7. HP: 58/64 MP: 6/6
  2994 | Ossuary  | Mangled by a mummy

Illustrated notes

Levels and vault maps discovered:
D:1:      giann_wishing_wells, layout_basic, due_unseen_surprise
D:2:      layout_rooms, kennysheep_cross_bottleneck, minmay_octomino_j4
D:3:      layout_loops_ring, uniq_natasha
D:4:      layout_basic, mainiacjoe_overflow_small_starburst,
          chequers_ossuary_entry_cave
Ossuary:  ossuary_minmay_chase

Skill      XL: |  1  2  3  4  5  6  7 |
---------------+----------------------+-----
Fighting       | 4 5 6 |  6.8
Axes           | 3 4 5 6 |  6.2
Armour         | 4 5 |  5.3
Shields        | 4 5 |  5.3

Action                     |  1- 3 |  4- 6 |  7- 9 || total
---------------------------+-------+-------+-------++-------
  Melee: War axe           |    95 |   102 |    44 ||   241
         Headbutt          |    11 |    12 |     7 ||    30
    Use: Scroll            |     1 |       |       ||     1
         Potion            |       |       |     1 ||     1
 Armour: Scale mail        |    57 |    71 |    51 ||   179
  Dodge: Dodged            |    47 |    45 |    22 ||   114
  Block: Buckler           |    20 |    14 |     8 ||    42

Table legend: (Time is in decaauts)
 A = Elapsed time spent in this place.
 B = Non-inter-level travel time spent in this place.
 C = Inter-level travel time spent in this place.
 D = Time resting spent in this place.
 E = Time spent auto-exploring this place.
 F = Levels seen in this place.
 G = Mean time per level.
                   A        B        C        D        E       F      G
               +--------+--------+--------+--------+--------+-----+--------+
         Total |   3074 |   2998 |     76 |     97 |   2310 |   5 |  614.8 |
       Dungeon |   2923 |   2847 |     76 |     97 |   2242 |   4 |  730.8 |
       Ossuary |    151 |    151 |      0 |      0 |     68 |   1 |  151.0 |
               +--------+--------+--------+--------+--------+-----+--------+

Top non-repeatable levels by time:
     D:3: 1078 daAuts
     D:1: 1036 daAuts
     D:2: 530 daAuts
     D:4: 277 daAuts
 Ossuary: 151 daAuts
